 Dungeon Crawl Stone Soup version 0.30-a0-802-gb92711bcdf (webtiles) character file.

Game seed: 10668353827628914436

8768 Pimp the Cleaver (level 11, -6/195 HPs)
             Began as a Human Fighter on Feb 24, 2023.
             Was a High Priest of the Shining One.
             Mangled by a death yak (11 damage)
             ... on level 10 of the Dungeon.
             The game lasted 00:22:13 (7718 turns).

Pimp the Cleaver (Human Fighter)                    Turns: 7718, Time: 00:22:13

Health: -6/195     AC: 25    Str: 27    XL:     11   Next: 61%
Magic:  11/11      EV:  2    Int:  8    God:    the Shining One [*****.]
Gold:   483        SH: 27    Dex: 16    Spells: 10/10 levels left

rFire   + . .      SeeInvis .    v - +5 war axe of Fukhu {flame, Dex+3}
rCold   . . .      Faith    .    E - +0 tower shield
rNeg    + + .      Spirit   .    (body armour currently unavailable)
rPois   +          Reflect  +    (helmet currently unavailable)
rElec   .          Harm     .    (cloak currently unavailable)
rCorr   .          Rampage  .    (gloves currently unavailable)
Will    .....      NoTele   +    (boots currently unavailable) Stlth
                                 o - amulet of reflection
HPRegen 0.52/turn                q - ring of protection from fire
MPRegen 0.12/turn                m - +6 ring of strength

@: berserking, divinely shielded, tree-form, hasted, glowing, invisible (but
backlit and visible), very quick
A: stationary, stasis, torment immunity, boosted hp, (deformed body)
a: Renounce Religion, Divine Shield, Cleansing Flame, Summon Divine Warrior


You were on level 10 of the Dungeon.
You worshipped the Shining One.
The Shining One was extremely pleased with you.
You were a tree.
You visited 2 branches of the dungeon, and saw 11 of its levels.
You also visited: Ossuary.

You collected 483 gold pieces.

Inventory:

Hand Weapons
 a - a +1 war axe of protection
 h - the +8 hammer "Kutoeng" {antimagic, *Slow +Blink rN+}
   (You found it on level 5 of the Dungeon)

   rN:        It protects you from negative energy.
   +Blink:    It lets you blink.
   *Slow:     It may slow you when you take damage.
 v - the +5 war axe of Fukhu (weapon) {flame, Dex+3}
   (You took it off an orc on level 3 of the Dungeon)

   Dex:       It affects your dexterity (+3).
Missiles
 c - 8 silver javelins
 j - 22 poisoned darts
 s - 3 javelins (quivered)
 u - 6 boomerangs
 A - a throwing net
Armour
 d - a +2 cloak (melded)
 t - a +8 plate armour (melded)
 y - a +0 pair of gloves (melded)
 B - an orb of mayhem
 E - a +0 tower shield (worn)
 G - a +0 hat of intelligence (melded)
 M - an orb of light
Jewellery
 l - a ring of see invisible
 m - a +6 ring of strength (right branch)
 o - an amulet of reflection (around neck)
 q - a ring of protection from fire (left branch)
 C - an amulet of faith
 F - a ring of fire
Wands
 b - a wand of acid (19)
Scrolls
 f - 3 scrolls of teleportation
 i - 6 scrolls of identify
 r - 2 scrolls of poison
 x - a scroll of fog
Potions
 e - a potion of berserk rage
 g - a potion of haste
 n - a potion of flight
 p - 2 potions of ambrosia
 w - 2 potions of attraction
 z - 3 potions of resistance
 D - 2 potions of lignification
 H - a potion of might
 I - a potion of invisibility
 J - a potion of brilliance {unknown}
 L - a potion of heal wounds {unknown}


   Skills:
 + Level 8.4 Fighting
 * Level 10.8 Axes
 + Level 8.9 Armour
 + Level 8.5 Shields


You had 10 spell levels left.
You didn't know any spells.
Your spell library contained the following spells:

 Spells                   Type           Power      Damage    Failure   Level
 Cigotuvi's Dreadful Rot  Necr/Pois/Air  0%         N/A       99%         2
 Scorch                   Fire           0%         2d5       99%         2
 Call Canine Familiar     Summ           0%         N/A       100%        3
 Portal Projectile        Hex/Tloc       0%         N/A       100%        3
 Dispel Undead            Necr           0%         3d6       100%        4
 Flame Wave               Conj/Fire      0%         2d4       100%        4
 Leda's Liquefaction      Hex/Erth       0%         N/A       100%        4
 Freezing Cloud           Conj/Ice/Air   0%         6-21      100%        5
 Death Channel            Necr           0%         N/A       100%        6
 Simulacrum               Ice/Necr       0%         N/A       100%        6
 Summon Cactus Giant      Summ           0%         N/A       100%        6
 Polar Vortex             Ice            0%         N/A       100%        9


Dungeon Overview and Level Annotations

Branches:
Dungeon (10/15)            Temple (1/1) D:4            Lair (0/5) D:10
    Orc (0/2) D:9         Ossuary (visited)

Altars:
Ashenzari
Cheibriados
Dithmenos
Elyvilon
Fedhas
Gozag
Kikubaaqudgha
Makhleb
Nemelex Xobeh
Okawaru
Qazlal
Ru
Sif Muna
Trog
Wu Jian
Xom
Yredelemnul
Zin
The Shining One

Shops:
D:5 (


Innate Abilities, Weirdness & Mutations

You are a tree.
Your roots penetrate the ground, keeping you stationary.
You cannot be teleported.
You are immune to unholy pain and torment.
Your maximum health is greatly increased.
Your equipment is partially melded.
((Armour fits poorly on your strangely shaped body.))


Message History

The death yak is almost dead.
You block the death yak's attack.
You slash the death yak! You burn the death yak.
You kill the death yak!
You slash the death yak! You burn the death yak.
The death yak is moderately wounded.
You slash the death yak! You burn the death yak.
The death yak is heavily wounded.
You block the death yak's attack.
You slice the death yak!! You burn the death yak!
The death yak is almost dead.
The death yak gores you!
* * * LOW HITPOINT WARNING * * *
Okay, then.
Okay, then.
It was a potion of invisibility.
You become transparent, but the glow from your halo prevents you from becoming completely invisible.
The death yak gores you!
* * * LOW HITPOINT WARNING * * *
It was a potion of berserk rage.
A red film seems to cover your vision as you go berserk!
You feel yourself moving faster!
You feel mighty! You block the death yak's attack.
You slash the death yak! You burn the death yak.
You kill the death yak!
You cannot move.
You slash the death yak! You burn the death yak.
The death yak is lightly wounded.
You block the death yak's attack.
You slash the death yak! You burn the death yak.
The death yak is moderately wounded.
The death yak gores you but does no damage.
You slash the death yak! You burn the death yak.
The death yak is severely wounded.
The death yak gores you!
* * * LOW HITPOINT WARNING * * *
You slash the death yak! You burn the death yak.
The death yak is almost dead.
The death yak gores you!
You die...

#.# #.# # #.# #.##
## #.# #..# #+###.
#.# #..# #.##..
####.###..###.....
#...x...Y........#
#.##.###.........#
#Y##.# #...####..#
#♣##.# #....# #..#
#.##.# #.........#
#.##.# #..........
#.##.# #....####.#
#.##.# #..... ..
#.. ###


You could see a death yak.

Vanquished Creatures
  4 death yaks (D:10)
  The ghost of Demosthentine the Trooper, a novice DsGl of Nemelex Xobeh (D:9)
  Joseph (D:8)
  An unseen horror (D:10)
  3 shadows (D:9)
  3 steam dragons
  4 yaks (D:9)
  Menkaure (D:7)
  2 two-headed ogre zombies (D:9)
  2 acid dragons (D:9)
  2 water moccasins
  A black bear (D:8)
  An ice beast (D:8)
  An ogre (D:5)
  3 orc warriors
  2 sky beasts
  4 centaurs
  2 phantoms
  3 bullfrogs
  A necrophage (D:5)
  A scorpion (D:5)
  9 wights (D:8)
  A troll zombie (D:9)
  A crimson imp (D:7)
  A hound (D:6)
  3 jellies (D:6)
  Crazy Yiuf (D:5)
  A human zombie (Ossuary)
  3 orc priests
  5 iguanas
  Ijyb (D:5)
  8 orc wizards
  5 ogre zombies (D:9)
  5 mummies (Ossuary)
  4 gnolls (D:5)
  6 adders
  A shadow imp (D:8)
  3 white imps
  An ufetubus (D:7)
  A worm (D:4)
  A dart slug (D:3)
  32 orcs
  9 ball pythons
  8 bats
  6 endoplasms (D:1)
  2 giant cockroaches (D:4)
  8 goblins
  8 hobgoblins
  8 jackals (D:4)
  4 quokkas
  2 frilled lizards (D:1)
  3 gnoll zombies (Ossuary)
  A goblin skeleton (D:9)
  5 goblin zombies
  4 hobgoblin zombies
  8 kobolds
  A kobold zombie (Ossuary)
  4 orc skeletons (D:9)
  14 orc zombies
  10 rats
241 creatures vanquished.

Notes
Turn   | Place    | Note
-------+----------+-------------------------------------------
     0 | D:1      | Pimp the Human Fighter began the quest for the Orb.
     0 | D:1      | Reached XP level 1. HP: 18/18 MP: 1/1
    38 | D:1      | Found a faded altar of an unknown god.
    74 | D:1      | Reached XP level 2. HP: 20/24 MP: 2/2
   303 | D:1      | Reached XP level 3. HP: 24/29 MP: 3/3
  1376 | D:3      | Identified the +5 war axe of Fukhu {flame, Dex+3}
  1396 | D:3      | Reached XP level 4. HP: 11/35 MP: 4/4
  1908 | D:3      | Reached XP level 5. HP: 28/41 MP: 5/5
  1911 | D:3      | Reached skill level 3 in Axes
  2454 | D:4      | Reached XP level 6. HP: 48/48 MP: 6/6
  2481 | D:4      | Found a staircase to the Ecumenical Temple.
  2486 | Temple   | Entered the Ecumenical Temple
  2493 | Temple   | Became a worshipper of the Shining One
  2641 | D:4      | Found a shadowy altar of Dithmenos.
  2675 | D:5      | Entered Level 5 of the Dungeon
  2708 | D:5      | Noticed a water moccasin
  2716 | D:5      | Killed a water moccasin
  2717 | D:5      | Reached skill level 5 in Armour
  2717 | D:5      | Reached XP level 7. HP: 34/55 MP: 7/7
  2876 | D:5      | Noticed Ijyb
  2891 | D:5      | Killed Ijyb
  2902 | D:5      | Reached skill level 4 in Axes
  3074 | D:5      | Gained mutation: You are weak. (Str -2) [potion of
                  | mutation]
  3074 | D:5      | Gained mutation: Your mind is acute. (Int +4, Str/Dex -1)
                  | [potion of mutation]
  3074 | D:5      | Gained mutation: You are strong-willed. (Will+) [potion of
                  | mutation]
  3123 | D:5      | Found a runed translucent door.
  3124 | D:5      | Noticed Crazy Yiuf
  3132 | D:5      | Killed Crazy Yiuf
  3141 | D:5      | Identified the +8 hammer "Kutoeng" {antimagic, *Slow +Blink
                  | rN+}
  3209 | D:5      | Found Faur's Weapon Shoppe.
  3329 | D:5      | Reached XP level 8. HP: 53/61 MP: 8/8
  3619 | D:6      | Reached skill level 5 in Fighting
  3619 | D:6      | Reached skill level 5 in Axes
  3619 | D:6      | Reached skill level 5 in Shields
  4170 | D:6      | You fall into a shaft and drop 2 floors!
  4185 | D:8      | Noticed Joseph
  4197 | D:8      | Killed Joseph
  4198 | D:8      | Reached skill level 6 in Axes
  4198 | D:8      | Reached XP level 9. HP: 51/69 MP: 9/9
  4261 | D:8      | Reached * piety under the Shining One
  4410 | D:8      | Reached skill level 7 in Axes
  4502 | D:7      | Found a sand-covered staircase.
  4519 | Ossuary  | Entered an ossuary
  4628 | Ossuary  | Reached ** piety under the Shining One
  4915 | D:7      | Noticed Menkaure
  4921 | D:7      | Killed Menkaure
  5146 | D:7      | Reached skill level 8 in Axes
  5146 | D:7      | Reached XP level 10. HP: 76/77 MP: 10/10
  5195 | D:7      | Found a bloodstained altar of Trog.
  5535 | D:7      | Found a burning altar of Makhleb.
  5535 | D:7      | Found a shimmering altar of Xom.
  6336 | D:8      | Reached *** piety under the Shining One
  6752 | D:9      | Reached skill level 9 in Axes
  6798 | D:9      | Reached **** piety under the Shining One
  6831 | D:9      | Found a staircase to the Orcish Mines.
  6832 | D:9      | Reached ***** piety under the Shining One
  7009 | D:9      | Reached XP level 11. HP: 84/85 MP: 11/11
  7204 | D:9      | Noticed Demosthentine's ghost (novice DsGl)
  7210 | D:9      | Found a runed translucent door.
  7237 | D:9      | Killed Demosthentine's ghost
  7238 | D:9      | Reached skill level 10 in Axes
  7249 | D:9      | Lost mutation: You are strong-willed. (Will+) [potion of
                  | mutation]
  7249 | D:9      | Lost mutation: Your mind is acute. (Int +4, Str/Dex -1)
                  | [potion of mutation]
  7249 | D:9      | Gained mutation: Armour fits poorly on your strangely
                  | shaped body. [potion of mutation]
  7249 | D:9      | Gained mutation: Your magical capacity is low. (-10% MP)
                  | [potion of mutation]
  7249 | D:9      | Lost mutation: Your magical capacity is low. (-10% MP)
                  | [potion of mutation]
  7249 | D:9      | Lost mutation: You are weak. (Str -2) [potion of mutation]
  7538 | D:10     | Entered Level 10 of the Dungeon
  7566 | D:10     | Noticed a death yak
  7566 | D:10     | Noticed a death yak
  7567 | D:10     | Noticed a death yak
  7567 | D:10     | Noticed a death yak
  7568 | D:10     | Noticed a death yak
  7568 | D:10     | Noticed a death yak
  7577 | D:10     | Noticed a death yak
  7592 | D:10     | Noticed a death yak
  7597 | D:10     | Killed a death yak
  7605 | D:10     | Killed a death yak
  7627 | D:10     | Found a staircase to the Lair.
  7707 | D:10     | Killed a death yak
  7713 | D:10     | Killed a death yak
  7717 | D:10     | HP: 4/195 [death yak (17)]
  7718 | D:10     | Mangled by a death yak

Illustrated notes

Levels and vault maps discovered:
D:1:      dpeg_arrival_tiny_f, layout_rooms, hellmonk_ecumenical_altar_run_dry
D:2:      layout_loops_ring, kennysheep_generic_room_11
D:3:      layout_loops_ring, minmay_stone_trees_large, minmay_joined_circles
D:4:      layout_rooms, nicolae_dithmenos_through_a_glass_darkly,
          temple_doors_ab
D:5:      layout_loops_ring, serial_shops, shop_statue, uniq_ijyb,
          uniq_crazy_yiuf_cottage
D:6:      layout_layer_cave, nrook_mini_vaults
D:7:      layout_layer_cave, grunt_temple_overflow_champion_of_chaos,
          mainiacjoe_overflow_tiny_flanked, enter_ossuary_1,
          chequers_serial_rivers_marsh, fountainhead, uniq_menkaure
D:8:      layout_rooms, enter_bailey_5, serial_bayou_pond_d, uniq_joseph
D:9:      layout_loops_ring, zombieorc2_lemuel, hellmonk_ghost_happy_afterlife
D:10:     layout_basic, nicolae_vehumet_altar_sigil,
          gammafunk_temple_overflow_pools, dpeg_lair_monsters
Temple:   minmay_freezing_vapour_temple

Skill      XL: |  1  2  3  4  5  6  7  8  9 10 11 |
---------------+----------------------------------+-----
Axes           | 3 4 6 8 9 10 | 10.8
Armour         | 4 5 6 7 8 |  8.9
Fighting       | 4 5 6 7 8 |  8.4
Shields        | 4 5 6 7 8 |  8.5

Action                     |  1- 3 |  4- 6 |  7- 9 | 10-12 || total
---------------------------+-------+-------+-------+-------++-------
  Melee: War axe           |    97 |    79 |   128 |   182 ||   486
  Throw: Javelin           |       |       |       |     2 ||     2
 Invoke: Divine Shield     |       |       |       |     1 ||     1
    Use: Scroll            |       |    19 |     2 |     8 ||    29
         Potion            |       |       |     5 |    11 ||    16
 Armour: Scale mail        |     6 |       |       |       ||     6
         Chain mail        |    42 |       |       |       ||    42
         Plate armour      |    10 |    50 |    61 |    70 ||   191
         Skin              |       |       |       |     1 ||     1
  Dodge: Dodged            |    32 |    19 |    21 |    21 ||    93
  Block: Buckler           |    46 |    41 |    42 |       ||   129
         Reflection        |     1 |     2 |     7 |     2 ||    12
         Tower shield      |       |       |    60 |   187 ||   247

Table legend: (Time is in decaauts)
 A = Elapsed time spent in this place.
 B = Non-inter-level travel time spent in this place.
 C = Inter-level travel time spent in this place.
 D = Time resting spent in this place.
 E = Time spent auto-exploring this place.
 F = Levels seen in this place.
 G = Mean time per level.
                   A        B        C        D        E       F      G
               +--------+--------+--------+--------+--------+-----+--------+
         Total |   7847 |   7507 |    340 |    784 |   4829 |  12 |  653.9 |
       Dungeon |   7640 |   7300 |    340 |    784 |   4787 |  10 |  764.0 |
        Temple |     12 |     12 |      0 |      0 |      0 |   1 |   12.0 |
       Ossuary |    194 |    194 |      0 |      0 |     42 |   1 |  194.0 |
               +--------+--------+--------+--------+--------+-----+--------+

Top non-repeatable levels by time:
     D:6: 1280 daAuts
     D:7: 975 daAuts
     D:9: 960 daAuts
     D:3: 925 daAuts
     D:5: 877 daAuts
     D:2: 748 daAuts
     D:8: 653 daAuts
     D:1: 532 daAuts
     D:4: 522 daAuts
 Ossuary: 194 daAuts
    D:10: 164 daAuts
  Temple: 12 daAuts
